General information
- name: BNet
- type: Ladder 1vs1/FFA
- host: Battle.net
- saver: ShawnWiggs
map: SecretValley
- players: 2
- length: 07:12
- speed: Fast
- version: 1.24 W3XP
- replay type: Public
» download(27 KB)
Players
team 1 (winner)
ShawnWiggs (
purple | 169 APM | 1220 actions | 07:12)
2 Blademaster
1 Wind Walk
1 Critical Strike
1 Tauren Chieftain
1 War Stomp
» actions
| Assign group hotkey | 170 | |
| Basic commands | 74 | |
| Build / train | 31 | |
| Enter build submenu | 6 | |
| Enter hero's abilities submenu | 3 | |
| Give item / drop item | 1 | |
| Right click | 436 | |
| Select / deselect | 124 | |
| Select group hotkey | 335 | |
| Use ability | 40 | |
1220 total
» units
» buildings
| Altar of Storms | 1 | |
| Orc Burrow | 3 | |
| Barracks | 1 | |
| Voodoo Lounge | 1 | |
| Stronghold | 3 | |
9 total
» build order
00:06 Altar of Storms
00:17 Orc Burrow
00:35 Barracks
01:27 Orc Burrow
01:51 Voodoo Lounge
03:18 Stronghold
03:19 Stronghold
03:19 Stronghold
03:53 Orc Burrow
» items
| Healing Salve | 1 | |
| Boots of Speed | 2 | |
| Potion of Healing | 2 | |
| Scroll of Speed | 1 | |
6 total
team 2 (loser)
AyPa_3aMoK (
pink | 88 APM | 629 actions | 07:10)
1 Crypt Lord
1 Carrion Beetles
» actions
| Assign group hotkey | 38 | |
| Basic commands | 4 | |
| Build / train | 34 | |
| Enter build submenu | 10 | |
| Enter hero's abilities submenu | 1 | |
| Give item / drop item | 1 | |
| Remove unit from queue | 1 | |
| Right click | 320 | |
| Select / deselect | 115 | |
| Select group hotkey | 85 | |
| Use ability | 20 | |
629 total
» units
| Acolyte | 10 | |
| Crypt Fiend | 10 | |
| Ghoul | 1 | |
21 total
» buildings
| Crypt | 1 | |
| Graveyard | 1 | |
| Ziggurat | 5 | |
| Altar of Darkness | 1 | |
| Tomb of Relics | 2 | |
| Nerubian Tower | 2 | |
12 total
» build order
00:15 Crypt
00:19 Graveyard
00:33 Ziggurat
00:51 Altar of Darkness
01:14 Ziggurat
01:28 Tomb of Relics
01:56 Nerubian Tower
01:57 Nerubian Tower
03:43 Ziggurat
05:29 Ziggurat
05:31 Tomb of Relics
06:05 Ziggurat
» items
| Rod of Necromancy | 4 | |
| Dust of Appearance | 2 | |
| Sacrificial Skull | 2 | |
8 total
Chat log
(00:12 / All) ShawnWiggs: gl hf